 Dungeon Crawl Stone Soup version 0.25.1-2-g60ff931df9 (webtiles) character file.

Game seed: 1991825121227439023

221 funkygono the Conjurer (level 5, -1/39 HPs)
             Began as a Draconian Conjurer on Nov 26, 2020.
             Slain by a gnoll
             ... wielding a +0 whip
              (9 damage)
             ... on level 3 of the Dungeon.
             The game lasted 00:06:31 (4183 turns).

funkygono the Conjurer (Draconian Conjurer)         Turns: 4183, Time: 00:06:33

Health: -1/39      AC:  6    Str: 11    XL:     5   Next: 65%
Magic:  10/10      EV:  9    Int: 16    God:
Gold:   208        SH: 10    Dex: 11    Spells: 8/11 levels left

rFire    . . .     SeeInvis .   e - +1 mace (vorpal)
rCold    . . .     Gourm    .   c - +3 kite shield
rNeg     + . .     Faith    .   (armour unavailable)
rPois    .         Spirit   .   (helmet restricted)
rElec    .         Reflect  .   h - +0 cloak
rCorr    .         Harm     .   (no gloves)
MR       .....                  (no boots)
Stlth    ++........             (no amulet)
HPRegen  0.13/turn              m - ring of positive energy
MPRegen  0.12/turn              (no ring)

@: no status effects
A: unfitting armour, cold-blooded, AC +5
a: no special abilities


You were on level 3 of the Dungeon.
You were very hungry.

You visited 1 branch of the dungeon, and saw 3 of its levels.

You collected 208 gold pieces.

Inventory:

Hand Weapons
 e - a +1 vorpal mace (weapon)
 k - a +1 whip
Armour
 c - a +3 kite shield (worn)
 h - a +0 cloak (worn)
Jewellery
 m - a ring of positive energy (left hand)
Scrolls
 a - a scroll of teleportation
 g - 2 scrolls of remove curse
Potions
 d - a potion of mutation {unknown}
 f - 2 potions of flight {unknown}
 i - 2 potions of curing {unknown}
 j - a potion of haste {unknown}
 n - a potion of heal wounds {unknown}
 o - a potion of cancellation {unknown}
 p - a potion of stabbing {unknown}
Comestibles
 b - 5 rations


   Skills:
 + Level 0.8 Fighting
   Level 0.4 Short Blades
 + Level 0.7 Maces & Flails
 + Level 2.1 Dodging
 + Level 1.9 Stealth
 * Level 0.8 Shields
 * Level 3.5 Spellcasting
 * Level 5.5 Conjurations


You had 8 spell levels left.
You knew the following spells:

 Your Spells              Type           Power        Failure   Level  Hunger
a - Magic Dart            Conj           ###.         12%         1    None
b - Searing Ray           Conj           ###...       17%         2    ##.....

Your spell library contained the following spells:

 Spells                   Type           Power        Failure   Level  Hunger
 Dazzling Flash           Conj/Hex       ##....       71%         3    ###....
 Fulminant Prism          Conj/Hex       ##........   98%         4    ####...
 Iskenderun's Mystic Bla  Conj/Tloc      ##......     98%         4    ####...


Dungeon Overview and Level Annotations

Branches:
Dungeon (3/15)

Altars:
Gozag
Hepliaklqana


Innate Abilities, Weirdness & Mutations

Your plain brown scales are hard. (AC +5)
You cannot fit into any form of body armour.
You are cold-blooded and may be slowed by cold attacks.


Message History

You barely miss the gnoll.
The gnoll is moderately wounded.
You block the gnoll's attack. x2
You hit the gnoll.
The gnoll is heavily wounded.
You block the gnoll's attack.
You hit the gnoll.
You kill the gnoll!
The gnoll hits you but does no damage. x2
You hit the gnoll.
The gnoll is lightly wounded.
The gnoll hits you but does no damage.
The gnoll hits you from afar with a +0 spear!
You hit the gnoll.
The gnoll is heavily wounded.
You block the gnoll's attack.
The gnoll hits you from afar with a +0 spear.
* * * LOW HITPOINT WARNING * * *
The gnoll hits you with a +0 whip!
You die...

### ######### ##.##
#.......#
#######...###.#####.#
..##........(.# #.#
.....##...##### #.#
#.######.## ####.####
#.# #.# #..†....# #.#
#.# #)##.##.# ..# #+#
#@##.##.# ###
#g##....#.# #
#gr........ #
#...#.####. ####.
#.....# .....
...gg.......# .....
...g####....# ###.#
g. #....... ## #
#.#..#..


You could see 2 gnolls and a rat.

Vanquished Creatures
  A worker ant (D:2)
  4 gnolls (D:3)
  8 adders
  2 oozes
  2 worms
  2 dart slugs
  A leopard gecko (D:1)
  An orc (D:3)
  8 bats
  5 giant cockroaches
  5 goblins
  6 hobgoblins
  5 jackals
  5 frilled lizards
  9 kobolds
  7 rats
71 creatures vanquished.

Notes
Turn   | Place    | Note
-------+----------+-------------------------------------------
     0 | D:1      | funkygono the Draconian Conjurer began the quest for the
                  | Orb.
     0 | D:1      | Reached XP level 1. HP: 14/14 MP: 3/3
   361 | D:1      | Reached XP level 2. HP: 20/20 MP: 1/5
   442 | D:1      | Learned a level 2 spell: Searing Ray
  1137 | D:1      | Reached XP level 3. HP: 22/26 MP: 1/6
  2195 | D:2      | Reached XP level 4. HP: 33/33 MP: 2/8
  2577 | D:2      | Reached skill level 5 in Conjurations
  3229 | D:3      | Reached XP level 5. HP: 39/39 MP: 7/10
  3518 | D:3      | Found a hazy altar of Hepliaklqana.
  3708 | D:3      | Found an opulent altar of Gozag.
  4183 | D:3      | Slain by a gnoll

Illustrated notes

Levels and vault maps discovered:
D:1:      dpeg_arrival_rooms_with_view, layout_loops_corners
D:2:      layout_loops_cross, first_ration, grunt_ministairs_12
D:3:      layout_loops_corners, old_standard_altar,
          nicolae_gozag_cash_rules_everything_around_me,
          lemuel_coloured_pillars_altar, minmay_door_square

Skill      XL: |  1  2  3  4  5 |
---------------+----------------+-----
Spellcasting   | 3 |  3.5
Conjurations   | 5 |  5.5
Dodging        | 2 |  2.1
Fighting       | |  0.8
Short Blades   | |  0.4
Maces & Flails | |  0.7
Stealth        | |  1.9
Shields        | |  0.8

Action                   |  1- 3 |  4- 6 || total
-------------------------+-------+-------++-------
Melee: Unarmed           |    11 |       ||    11
       Tailslap          |     9 |     6 ||    15
       Short sword       |    10 |       ||    10
       Whip              |    33 |     6 ||    39
       Mace              |       |    35 ||    35
 Cast: Magic Dart        |    70 |    74 ||   144
  Use: Scroll            |     4 |     2 ||     6
  Eat: Chunk             |     5 |     5 ||    10
Armor: Skin              |    19 |    20 ||    39
Dodge: Dodged            |    13 |    16 ||    29
Block: Kite shield       |    24 |    24 ||    48
